 Dungeon Crawl Stone Soup version 0.25-a0-701-gb30f108f01 (webtiles) character file.

Game seed: 276564143554289976, levelgen mode: deterministic

49 kae the Ruffian (level 3, 0/28 HPs)
             Began as a Draconian Transmuter on Apr 3, 2020.
             Succumbed to an adder's poison
             ... on level 1 of the Dungeon.
             The game lasted 00:01:27 (1131 turns).

kae the Ruffian (Draconian Transmuter)              Turns: 1131, Time: 00:01:28

Health: 0/28       AC:  5    Str: 13    XL:     3   Next: 53%
Magic:  6/6        EV: 12    Int: 13    God:
Gold:   114        SH:  0    Dex: 11    Spells: 6/7 levels left

rFire    . . .     SeeInvis .   e - +3 mace
rCold    . . .     Gourm    .   (no shield)
rNeg     . . .     Faith    .   (armour unavailable)
rPois    .         Spirit   .   (helmet restricted)
rElec    .         Reflect  .   (no cloak)
rCorr    .         Harm     .   (no gloves)
MR       .....                  (no boots)
Stlth    +.........             (no amulet)
HPRegen  0.09/turn              (no ring)
MPRegen  0.10/turn              (no ring)

@: lethally poisoned (0 -> -3), stab, flying
A: unfitting armour, cold-blooded, AC +5
a: no special abilities


You were on level 1 of the Dungeon.
You were not hungry.

You visited 1 branch of the dungeon, and saw 2 of its levels.

You collected 114 gold pieces.

Inventory:

Hand Weapons
 e - a +3 mace (weapon)
Missiles
 a - 12 arrows
Jewellery
 i - an uncursed ring of poison resistance {unknown}
Scrolls
 d - 3 scrolls of remove curse
 f - a scroll of enchant armour
Potions
 b - a potion of flight
Comestibles
 c - 2 rations
 h - a chunk of flesh


   Skills:
 - Level 1.1 Fighting
 - Level 1.7 Dodging
 * Level 3.8 Unarmed Combat
 + Level 2.5 Spellcasting
 + Level 2.5 Transmutations


You had 6 spell levels left.
You knew the following spells:

 Your Spells              Type           Power        Failure   Level  Hunger
a - Beastly Appendage     Tmut           #.....       9%          1    #......

Your spell library contained the following spells:

 Spells                   Type           Power        Failure   Level  Hunger
 Sticks to Snakes         Tmut           #.......     13%         2    ###....
 Spider Form              Tmut/Pois      #.........   38%         3    ###....
 Ice Form                 Ice/Tmut       #.......     80%         4    #####..
 Blade Hands              Tmut           #.........   93%         5    ######.


Dungeon Overview and Level Annotations

Branches:
Dungeon (2/15)

Altars:


Innate Abilities, Weirdness & Mutations

Your plain brown scales are hard. (AC +5)
You cannot fit into any form of body armour.
You are cold-blooded and may be slowed by cold attacks.


Message History

There is a lethal amount of poison in your body!
Okay, then.
Okay, then.
This spell is slightly dangerous to cast.
Memorise Spider Form, consuming 3 spell levels and leaving 3?
You start memorising the spell.
You continue memorising.
Your memorisation is interrupted.
* * * LOW HITPOINT WARNING * * *
You feel sick.
Casting: Beastly Appendage (safe; 9% risk of failure)
Confirm with . or Enter, or press ? or * to list all spells.
You don't know that spell.
This spell is slightly dangerous to cast.
Memorise Spider Form, consuming 3 spell levels and leaving 3?
You start memorising the spell.
You continue memorising. x2
Your memorisation is interrupted.
You die...

##.#..........#
......#######.######
##.#.## #.......#
##.#.### #.#####.#
.......# #>#
#.############## ########
### #...............
.##############
#.#.########.###
###...........####.#.#
#.#
###...........##@..#.#
#.###
.##...........##.###.#
#.#.# .##...........##.#
#.# #..#.
.##...........##.###.#
###.#
..'.....<.....'......#
#.#
###.........).##.########
#.# #
#...........##........#
#.# #
#...........##.######.#
#.# # #...........##.#
#.# #.#


There were no monsters in sight!

Vanquished Creatures
  2 adders (D:2)
  2 dart slugs
  3 leopard geckos
  A ball python (D:1)
  A bat (D:1)
  A giant cockroach (D:1)
  2 goblins
  2 hobgoblins
  2 jackals (D:2)
  4 frilled lizards
  A kobold (D:2)
  5 rats
26 creatures vanquished.

Notes
Turn   | Place    | Note
-------+----------+-------------------------------------------
     0 | D:1      | kae the Draconian Transmuter began the quest for the Orb.
     0 | D:1      | Reached XP level 1. HP: 16/16 MP: 3/3
   131 | D:1      | Reached XP level 2. HP: 9/23 MP: 3/5
   891 | D:2      | Reached XP level 3. HP: 23/28 MP: 4/6
  1015 | D:2      | Noticed an ogre
  1128 | D:1      | HP: 1/28 [poisoned by an adder]
  1131 | D:1      | Succumbed to an adder's poison

Levels and vault maps discovered:
D:1:      psy_arrival_statuary, layout_loops_ring, minmay_misc_feat_ornament
D:2:      layout_rooms, serial_curves, eino_curves_03, eino_curves_03,
          minmay_misc_feat_square, chequers_jeans

Action                   || total
-------------------------++-------
Melee: Unarmed           ||    22
       Tailslap          ||     6
       Kick              ||     4
       Mace              ||    46
       Headbutt          ||     2
 Cast: Beastly Appendage ||    13
  Use: Scroll            ||     3
       Potion            ||     2
  Eat: Chunk             ||     1
Armor: Skin              ||    25
Dodge: Dodged            ||    54

Table legend:
 A = Non-vault XP
 B = Vault XP
 C = Vault XP percentage of total XP
 D = Non-vault monster count
 E = Vault monster count
 F = Vault count percentage of total count
                 A         B        C        D         E       F
            +---------+---------+-------+---------+---------+-------
      Total |      71 |       0 |   0.0 |      26 |       0 |   0.0
            +---------+---------+-------+---------+---------+-------
        D:1 |      22 |       0 |   0.0 |      12 |       0 |   0.0
        D:2 |      49 |       0 |   0.0 |      14 |       0 |   0.0
            +---------+---------+-------+---------+---------+-------
